St.Louis Blues vs Minnesota North Stars
Created - Thursday, May 4, 2023 at 07:05
Goals
|
| St.Louis Blues |
1 |
0 |
1 |
2 |
| Minnesota North Stars |
1 |
3 |
1 |
5 |
|
Shots
|
| St.Louis Blues |
10 |
8 |
12 |
30 |
| Minnesota North Stars |
11 |
14 |
8 |
33 |
|
1st period
1. Minnesota North Stars , Yegor Sharangovich 11 (Zdeno Chara 13) at 4:08
2. St.Louis Blues , Jake Guentzel 19 (Elias Pettersson 31, Joe Pavelski 21) at 14:30 (PP)
Penalties :
Neal Pionk (MNS) for Hooking (Minor) at 13:43
2nd period
3. Minnesota North Stars , Gustav Nyquist 10 (Yegor Sharangovich 8, David Perron 11) at 4:51 (SH)
4. Minnesota North Stars , Jack Hughes 15 (Evgeni Malkin 26, Jonathan Toews 11) at 16:32
5. Minnesota North Stars , Jonathan Toews 7 (Viktor Arvidsson 21, Jeff Skinner 16) at 17:48
Penalties :
Andrew Poturalski (MNS) for Slashing (Minor) at 3:34
3rd period
6. St.Louis Blues , Jimmy Vesey 3 (Ondrej Kase 6, Frederick Gaudreau 8) at 10:20
7. Minnesota North Stars , Evgeni Malkin 19 (Jack Hughes 26) at 12:05 (PP)
Penalties :
Evander Kane (STL) for High sticking (Minor) at 11:56, David Perron (MNS) for Interference (Minor) at 12:29, Brian Elliott (MNS) for Slashing (Minor) at 16:50 - Nick Holden served the penalty
Goalie Stats
Scott Wedgewood (STL), 28 saves from 33 shots - (0.848), L, 4-5-3, 60:00 minutes
Brian Elliott (MNS), 28 saves from 30 shots - (0.933), W, 14-11-0, 60:00 minutes
Players Stats for St.Louis Blues
Player Name G A P +/- PIM S H SB GA TA FO MP PP MP PK MP
------------------------------------------------------------------------------------
Adam Pelech 0 0 0 0 0 1 1 1 0 0 0/0 13:52 0:00 0:09
Alex DeBrincat 0 0 0 -1 0 4 2 0 2 1 1/1 19:41 2:54 0:00
Alex Pietrangelo 0 0 0 0 0 2 1 0 0 1 0/0 26:06 2:35 0:00
Alex Tuch 0 0 0 -2 0 3 2 0 0 0 0/2 20:34 3:50 0:00
Colton Parayko 0 0 0 0 0 1 0 2 0 0 0/0 22:46 0:00 0:00
Danny DeKeyser 0 0 0 0 0 0 1 2 0 0 0/0 13:52 0:00 0:09
Elias Pettersson 0 1 1 -2 0 5 4 1 0 0 16/25 20:34 3:50 0:00
Evander Kane 0 0 0 0 2 1 2 0 1 0 0/1 13:29 2:54 0:00
Frederick Gaudreau 0 1 1 1 0 3 1 0 1 1 1/4 12:43 0:00 0:09
Jack Eichel 0 0 0 0 0 3 1 0 0 0 1/3 10:31 0:00 0:00
Jake Guentzel 1 0 1 -3 0 3 4 0 0 0 0/1 17:26 4:09 0:00
Jimmy Vesey 1 0 1 1 0 1 3 0 0 0 0/0 12:43 0:00 0:09
Joe Pavelski 0 1 1 -1 0 0 2 0 0 0 3/5 14:23 3:50 0:00
Jonas Brodin 0 0 0 -2 0 0 0 2 0 2 0/0 15:49 0:00 0:00
Morgan Rielly 0 0 0 -3 0 0 2 0 0 1 0/0 20:02 4:09 0:00
Ondrej Kase 0 1 1 1 0 2 2 0 0 1 0/1 12:34 0:00 0:00
Robert Thomas 0 0 0 -2 0 1 0 1 2 0 5/10 16:12 2:54 0:00
Tage Thompson 0 0 0 -2 0 0 4 0 1 1 1/1 16:33 2:35 0:00
Players Stats for Minnesota North Stars
Player Name G A P +/- PIM S H SB GA TA FO MP PP MP PK MP
------------------------------------------------------------------------------------
Adam Lowry 0 0 0 1 0 0 3 1 2 1 0/2 12:27 0:00 1:52
Alex Goligoski 0 0 0 0 0 0 0 1 0 1 0/0 20:32 0:00 3:53
Andrew Poturalski 0 0 0 0 2 0 1 0 0 1 3/4 9:53 0:00 0:00
Conor Sheary 0 0 0 0 0 2 1 1 0 0 0/0 9:49 0:00 0:00
David Perron 0 1 1 1 2 1 1 1 1 0 0/1 19:37 0:09 0:51
Evgeni Malkin 1 1 2 1 0 9 2 0 0 1 12/24 17:35 0:09 0:24
Gustav Forsling 0 0 0 1 0 1 0 3 0 0 0/0 21:00 0:04 2:51
Gustav Nyquist 1 0 1 2 0 3 1 0 1 0 0/0 13:02 0:00 0:39
Jack Hughes 1 1 2 1 0 5 0 0 1 0 1/4 21:27 0:09 4:11
Jamie Oleksiak 0 0 0 1 0 0 1 0 0 0 0/0 13:55 0:00 0:08
Jeff Skinner 0 1 1 0 0 1 2 0 0 0 0/1 14:17 0:00 0:20
Jonathan Toews 1 1 2 0 0 2 0 1 1 0 7/15 18:46 0:00 3:05
Neal Pionk 0 0 0 2 2 1 3 4 0 0 0/0 25:28 0:05 2:43
Nick Holden 0 0 0 1 0 0 1 1 0 1 0/0 13:50 0:00 0:00
Nino Niederreiter 0 0 0 0 0 2 1 0 0 0 0/0 9:49 0:00 0:00
Viktor Arvidsson 0 1 1 0 0 1 2 0 2 1 1/1 13:48 0:00 0:00
Yegor Sharangovich 1 1 2 2 0 3 1 0 0 0 2/2 12:41 0:00 2:06
Zdeno Chara 0 1 1 1 0 2 0 1 0 1 0/0 25:17 0:09 3:53
3 Stars
1 - Yegor Sharangovich (MNS)
2 - Evgeni Malkin (MNS)
3 - Jack Hughes (MNS)
Power Play
St.Louis Blues - 1 on 4 Attempt(s) - 25.00%
Minnesota North Stars - 1 on 1 Attempt(s) - 100.00%
Penalty Kill
St.Louis Blues - 0 on 1 Attempt(s) - 0.00%
- Score 0 goal in Penalty Kill
Minnesota North Stars - 3 on 4 Attempt(s) - 75.00%
- Score 1 goal in Penalty Kill
Team Stat
St.Louis Blues - Hits : 32 - Faceoff Wins : 28 - Blocked Shots : 9 - Penalty Minutes : 2
Minnesota North Stars - Hits : 20 - Faceoff Wins : 26 - Blocked Shots : 14 - Penalty Minutes : 8
Official
Referees : Kendrick Nicholson and Dave Lewis
Linesman : Brad Lazarowich and Ryan Galloway
Game Notes
No Game Note
Finance
Level 1 -- Attendance: 4910 (81.83%) -- Ticket Income $491,000
Level 2 -- Attendance: 4210 (84.20%) -- Ticket Income $252,600
Level 3 -- Attendance: 2452 (81.73%) -- Ticket Income $85,820
Level 4 -- Attendance: 3665 (73.30%) -- Ticket Income $91,625
Luxury Box -- Attendance: 853 (85.30%) -- Ticket Income $170,600
Game was played at the Met Center.
Total Attendance: 16090 (80.45%)
Total Ticket Income: $1,091,645
Other Income: $382,076
Total Income: $1,473,721
St.Louis Blues
5 vs 5 Forward
Center Left Wing Right Wing Time % Phy DF OF
1 Elias Pettersson Alex DeBrincat Alex Tuch 40 0 2 3
2 Robert Thomas Jake Guentzel Tage Thompson 30 0 2 3
3 Jack Eichel Evander Kane Joe Pavelski 20 1 2 2
4 Frederick Gaudreau Jimmy Vesey Ondrej Kase 10 1 3 1
5 vs 5 Defense
Defense Defense Time % Phy DF OF
1 Alex Pietrangelo Colton Parayko 40 1 2 2
2 Morgan Rielly Jonas Brodin 30 1 2 2
3 Danny DeKeyser Adam Pelech 20 1 2 2
4 Alex Pietrangelo Colton Parayko 10 1 2 2
PowerPlay Forward
Center Left Wing Right Wing Time % Phy DF OF
1 Joe Pavelski Alex Tuch Elias Pettersson 60 1 0 4
2 Robert Thomas Alex DeBrincat Evander Kane 40 1 0 4
PowerPlay Defense
Defense Defense Time % Phy DF OF
1 Morgan Rielly Jake Guentzel 60 0 1 4
2 Tage Thompson Alex Pietrangelo 40 0 1 4
Penalty Kill 4 Players Forward
Center Wing Time % Phy DF OF
1 Frederick Gaudreau Jimmy Vesey 60 1 4 0
2 Robert Thomas Ondrej Kase 40 1 4 0
Penalty Kill 4 Players Defense
Defense Defense Time % Phy DF OF
1 Adam Pelech Danny DeKeyser 60 2 3 0
2 Jonas Brodin Colton Parayko 40 2 3 0
Penalty Kill - 3 Players Forward
Forward Time % Phy DF OF
1 Frederick Gaudreau 60 0 5 0
2 Robert Thomas 40 0 5 0
Penalty Kill - 3 Players Defense
Defense Defense Time % Phy DF OF
1 Adam Pelech Danny DeKeyser 60 1 4 0
2 Jonas Brodin Colton Parayko 40 1 4 0
4 vs 4 Forward
Center Wing Time % Phy DF OF
1 Robert Thomas Elias Pettersson 60 0 2 3
2 Jack Eichel Jake Guentzel 40 0 2 3
4 vs 4 Defense
Defense Defense Time % Phy DF OF
1 Alex Pietrangelo Colton Parayko 60 0 3 2
2 Morgan Rielly Jonas Brodin 40 0 3 2
Last Minutes Offensive
Center Left Wing Right Wing Defense Defense
Robert Thomas Elias Pettersson Alex Tuch Morgan Rielly Jake Guentzel
Last Minutes Defensive
Center Left Wing Right Wing Defense Defense
Frederick Gaudreau Jimmy Vesey Ondrej Kase Colton Parayko Alex Pietrangelo
Goaltenders
Starting : Scott Wedgewood
Backup : Frederik Andersen
Extra Forwards
Normal : Tage Thompson, Evander Kane, Frederick Gaudreau - PP : Alex DeBrincat, Jack Eichel - PK : Tage Thompson
Extra Defensemen
Normal : Morgan Rielly, Colton Parayko, Adam Pelech - PP : Colton Parayko - PK : Colton Parayko, Alex Pietrangelo
Penalty Shots
Alex DeBrincat, Joe Pavelski, Tage Thompson, Elias Pettersson, Robert Thomas
Minnesota North Stars
5 vs 5 Forward
Center Left Wing Right Wing Time % Phy DF OF
1 Evgeni Malkin Jack Hughes David Perron 40 1 2 2
2 Jonathan Toews Jeff Skinner Viktor Arvidsson 31 1 2 2
3 Adam Lowry Yegor Sharangovich Gustav Nyquist 24 1 2 2
4 Andrew Poturalski Conor Sheary Nino Niederreiter 5 1 2 2
5 vs 5 Defense
Defense Defense Time % Phy DF OF
1 Neal Pionk Zdeno Chara 40 1 2 2
2 Alex Goligoski Gustav Forsling 30 1 2 2
3 Jamie Oleksiak Nick Holden 20 1 2 2
4 Neal Pionk Zdeno Chara 10 1 2 2
PowerPlay Forward
Center Left Wing Right Wing Time % Phy DF OF
1 Evgeni Malkin Jack Hughes David Perron 60 1 2 2
2 Jonathan Toews Jeff Skinner Viktor Arvidsson 40 1 2 2
PowerPlay Defense
Defense Defense Time % Phy DF OF
1 Zdeno Chara Gustav Forsling 60 1 2 2
2 Neal Pionk Alex Goligoski 40 1 2 2
Penalty Kill 4 Players Forward
Center Wing Time % Phy DF OF
1 Jonathan Toews Jack Hughes 60 1 2 2
2 Adam Lowry David Perron 40 1 2 2
Penalty Kill 4 Players Defense
Defense Defense Time % Phy DF OF
1 Alex Goligoski Zdeno Chara 60 1 2 2
2 Neal Pionk Gustav Forsling 40 1 2 2
Penalty Kill - 3 Players Forward
Forward Time % Phy DF OF
1 Jonathan Toews 60 1 2 2
2 Adam Lowry 40 1 2 2
Penalty Kill - 3 Players Defense
Defense Defense Time % Phy DF OF
1 Nick Holden Zdeno Chara 60 1 2 2
2 Neal Pionk Gustav Forsling 40 1 2 2
4 vs 4 Forward
Center Wing Time % Phy DF OF
1 Evgeni Malkin Jack Hughes 60 1 2 2
2 Jonathan Toews David Perron 40 1 2 2
4 vs 4 Defense
Defense Defense Time % Phy DF OF
1 Zdeno Chara Gustav Forsling 60 1 2 2
2 Neal Pionk Alex Goligoski 40 1 2 2
Last Minutes Offensive
Center Left Wing Right Wing Defense Defense
Evgeni Malkin Jack Hughes David Perron Neal Pionk Gustav Forsling
Last Minutes Defensive
Center Left Wing Right Wing Defense Defense
Jonathan Toews Adam Lowry Yegor Sharangovich Neal Pionk Gustav Forsling
Goaltenders
Starting : Brian Elliott
Backup : Antti Raanta
Extra Forwards
Normal : Evgeni Malkin, Jack Hughes, Jeff Skinner - PP : Evgeni Malkin, Jack Hughes - PK : Jonathan Toews
Extra Defensemen
Normal : Alex Goligoski, Neal Pionk, Gustav Forsling - PP : Alex Goligoski - PK : Nick Holden, Neal Pionk
Penalty Shots
Evgeni Malkin, Jack Hughes, Jeff Skinner, David Perron, Yegor Sharangovich
% Time on Ice - St.Louis Blues
Lines # - Real PCT - Wanted PCT - Time Play
Normal Forward
1 - 32% - 40% - 16:44
2 - 25% - 30% - 13:18
3 - 20% - 20% - 10:31
4 - 24% - 10% - 12:34
Normal Defense
1 - 37% - 40% - 19:36
2 - 31% - 30% - 16:34
3 - 26% - 20% - 13:43
4 - 6% - 10% - 3:14
PP Forward
1 - 57% - 60% - 3:50
2 - 43% - 40% - 2:54
PP Defense
1 - 62% - 60% - 4:09
2 - 38% - 40% - 2:35
PK Forward
1 - 100% - 60% - 0:09
2 - 0% - 40% - 0:00
PK Defense
1 - 100% - 60% - 0:09
2 - 0% - 40% - 0:00
PK3 Forward
1 - 0% - 60%
2 - 0% - 40%
PK3 Defense
1 - 0% - 60%
2 - 0% - 40%
44 Forward
1 - 0% - 60%
2 - 0% - 40%
44 Defense
1 - 0% - 60%
2 - 0% - 40%
Last Minute Offensive - 0:00
Last Minute Defensive - 0:00
Total
Forward - 60:00
Defense - 60:00
|
% Time on Ice - Minnesota North Stars
Lines # - Real PCT - Wanted PCT - Time Play
Normal Forward
1 - 36% - 40% - 18:55
2 - 26% - 31% - 13:48
3 - 20% - 24% - 10:35
4 - 18% - 5% - 9:49
Normal Defense
1 - 37% - 40% - 19:40
2 - 31% - 30% - 16:41
3 - 26% - 20% - 13:47
4 - 6% - 10% - 2:59
PP Forward
1 - 100% - 60% - 0:09
2 - 0% - 40% - 0:00
PP Defense
1 - 100% - 60% - 0:09
2 - 0% - 40% - 0:00
PK Forward
1 - 72% - 60% - 4:52
2 - 28% - 40% - 1:52
PK Defense
1 - 58% - 60% - 3:53
2 - 42% - 40% - 2:51
PK3 Forward
1 - 0% - 60%
2 - 0% - 40%
PK3 Defense
1 - 0% - 60%
2 - 0% - 40%
44 Forward
1 - 0% - 60%
2 - 0% - 40%
44 Defense
1 - 0% - 60%
2 - 0% - 40%
Last Minute Offensive - 0:00
Last Minute Defensive - 0:00
Total
Forward - 60:00
Defense - 60:00
|
Play-by-Play
1st period
0:01 of 1st period - Elias Pettersson wins face-off versus Evgeni Malkin in neutral zone.
0:04 of 1st period - Wrist shot by Elias Pettersson.
0:04 of 1st period - Stopped by Brian Elliott without a rebound.
0:05 of 1st period - Elias Pettersson wins face-off versus Evgeni Malkin in Minnesota North Stars zone.
0:16 of 1st period - Snap shot by Alex Tuch.
0:16 of 1st period - Shot Misses the Net.
0:18 of 1st period - Snap shot by Alex Tuch.
0:18 of 1st period - Shot Misses the Net.
0:20 of 1st period - Snap shot by Alex Tuch.
0:20 of 1st period - Deflect By Alex DeBrincat.
0:20 of 1st period - Stopped by Brian Elliott without a rebound.
0:21 of 1st period - Robert Thomas wins face-off versus Jonathan Toews in Minnesota North Stars zone.
1:33 of 1st period - Jamie Oleksiak is hit by Elias Pettersson and loses puck.
1:42 of 1st period - Snap shot by Jack Hughes.
1:42 of 1st period - Stopped by Scott Wedgewood with a rebound.
2:34 of 1st period - Alex Goligoski is hit by Morgan Rielly and loses puck.
2:43 of 1st period - Alex Tuch is hit by Gustav Nyquist and loses puck.
3:42 of 1st period - Snap shot by Nino Niederreiter.
3:42 of 1st period - Shot Blocked by Jonas Brodin.
3:44 of 1st period - Slapshot by Neal Pionk.
3:44 of 1st period - Shot Misses the Net.
3:46 of 1st period - Slapshot by Zdeno Chara.
3:46 of 1st period - Shot Misses the Net.
4:08 of 1st period - Snap shot by Yegor Sharangovich.
4:08 of 1st period - Goal by Yegor Sharangovich - St.Louis Blues : 0 - Minnesota North Stars : 1.
4:09 of 1st period - Elias Pettersson wins face-off versus David Perron in neutral zone.
4:57 of 1st period - Snap shot by Gustav Nyquist.
4:57 of 1st period - Shot Misses the Net.
5:57 of 1st period - Alex Goligoski is hit by Tage Thompson and loses puck.
6:17 of 1st period - Off-side.
6:18 of 1st period - Jack Eichel wins face-off versus Adam Lowry in neutral zone.
6:42 of 1st period - Icing by Alex Pietrangelo.
6:43 of 1st period - Evgeni Malkin wins face-off versus Jack Eichel in St.Louis Blues zone.
7:16 of 1st period - Snap shot by Alex DeBrincat.
7:16 of 1st period - Deflect By Elias Pettersson.
7:16 of 1st period - Stopped by Brian Elliott with a rebound.
7:24 of 1st period - Snap shot by Alex Tuch.
7:24 of 1st period - Deflect By Alex DeBrincat.
7:24 of 1st period - Shot Misses the Net.
7:24 of 1st period - Puck is out of play.
7:25 of 1st period - Tage Thompson wins face-off versus Evgeni Malkin in Minnesota North Stars zone.
7:42 of 1st period - Slapshot by Jack Hughes.
7:42 of 1st period - Stopped by Scott Wedgewood with a rebound.
7:52 of 1st period - Jonathan Toews is hit by Alex DeBrincat and loses puck.
8:01 of 1st period - Snap shot by Elias Pettersson.
8:01 of 1st period - Shot Blocked by Neal Pionk.
8:17 of 1st period - Wrist shot by Jack Eichel.
8:17 of 1st period - Stopped by Brian Elliott with a rebound.
8:19 of 1st period - Backhand shot by Colton Parayko.
8:19 of 1st period - Stopped by Brian Elliott without a rebound.
8:20 of 1st period - Jack Hughes wins face-off versus Evander Kane in Minnesota North Stars zone.
8:47 of 1st period - Snap shot by Evander Kane.
8:47 of 1st period - Shot Misses the Net.
8:53 of 1st period - Evander Kane is hit by Adam Lowry and loses puck.
9:29 of 1st period - Snap shot by Jack Eichel.
9:29 of 1st period - Stopped by Brian Elliott without a rebound.
9:30 of 1st period - Elias Pettersson wins face-off versus Evgeni Malkin in Minnesota North Stars zone.
9:37 of 1st period - Backhand shot by Alex DeBrincat.
9:37 of 1st period - Shot Misses the Net.
10:01 of 1st period - Snap shot by Jeff Skinner.
10:01 of 1st period - Shot Misses the Net.
10:03 of 1st period - Snap shot by Gustav Forsling.
10:03 of 1st period - Stopped by Scott Wedgewood with a rebound.
10:27 of 1st period - Snap shot by Alex Tuch.
10:27 of 1st period - Shot Misses the Net.
10:29 of 1st period - Wrist shot by Alex Tuch.
10:29 of 1st period - Stopped by Brian Elliott with a rebound.
10:49 of 1st period - Wrist shot by Alex Tuch.
10:49 of 1st period - Shot Misses the Net.
10:51 of 1st period - Snap shot by Elias Pettersson.
10:51 of 1st period - Stopped by Brian Elliott with a rebound.
10:53 of 1st period - Slapshot by Morgan Rielly.
10:53 of 1st period - Shot Blocked by Adam Lowry.
10:55 of 1st period - Snap shot by Alex DeBrincat.
10:55 of 1st period - Stopped by Brian Elliott without a rebound.
10:56 of 1st period - Evgeni Malkin wins face-off versus Jake Guentzel in Minnesota North Stars zone.
10:56 of 1st period - Evgeni Malkin is hit by Jake Guentzel.
11:10 of 1st period - Snap shot by Jake Guentzel.
11:10 of 1st period - Shot Misses the Net.
11:12 of 1st period - Slapshot by Alex Pietrangelo.
11:12 of 1st period - Shot Blocked by Neal Pionk.
11:21 of 1st period - Icing by Viktor Arvidsson.
11:22 of 1st period - Jonathan Toews wins face-off versus Frederick Gaudreau in Minnesota North Stars zone.
11:35 of 1st period - Backhand shot by Viktor Arvidsson.
11:35 of 1st period - Deflect By Jeff Skinner.
11:35 of 1st period - Stopped by Scott Wedgewood with a rebound.
11:49 of 1st period - Nick Holden is hit by Jake Guentzel and loses puck.
12:49 of 1st period - Jamie Oleksiak is hit by Tage Thompson and loses puck.
13:43 of 1st period - Minor Penalty to Neal Pionk for Hooking.
13:44 of 1st period - Jonathan Toews wins face-off versus Joe Pavelski in Minnesota North Stars zone.
14:22 of 1st period - Snap shot by David Perron.
14:22 of 1st period - Deflect By Adam Lowry.
14:22 of 1st period - Shot Misses the Net.
14:22 of 1st period - Puck is out of play.
14:23 of 1st period - Joe Pavelski wins face-off versus Adam Lowry in St.Louis Blues zone.
14:30 of 1st period - Slapshot by Jake Guentzel.
14:30 of 1st period - Goal by Jake Guentzel - St.Louis Blues : 1 - Minnesota North Stars : 1.
14:31 of 1st period - Elias Pettersson wins face-off versus Evgeni Malkin in neutral zone.
15:11 of 1st period - Tage Thompson is hit by Viktor Arvidsson and loses puck.
15:28 of 1st period - Jimmy Vesey is hit by Adam Lowry and loses puck.
16:06 of 1st period - Wrist shot by David Perron.
16:06 of 1st period - Deflect By Evgeni Malkin.
16:06 of 1st period - Stopped by Scott Wedgewood without a rebound.
16:07 of 1st period - Elias Pettersson wins face-off versus Evgeni Malkin in St.Louis Blues zone.
16:59 of 1st period - Slapshot by Joe Pavelski.
16:59 of 1st period - Deflect By Jack Eichel.
16:59 of 1st period - Shot Blocked by Alex Goligoski.
16:59 of 1st period - Puck is out of play.
17:00 of 1st period - Alex DeBrincat wins face-off versus Jonathan Toews in Minnesota North Stars zone.
17:48 of 1st period - Jimmy Vesey is hit by Andrew Poturalski and loses puck.
18:01 of 1st period - Jimmy Vesey is hit by Nino Niederreiter and loses puck.
18:39 of 1st period - Wrist shot by Yegor Sharangovich.
18:39 of 1st period - Stopped by Scott Wedgewood without a rebound.
18:40 of 1st period - Evgeni Malkin wins face-off versus Robert Thomas in St.Louis Blues zone.
18:43 of 1st period - Snap shot by Evgeni Malkin.
18:43 of 1st period - Shot Blocked by Danny DeKeyser.
19:09 of 1st period - Jamie Oleksiak is hit by Adam Pelech and loses puck.
19:30 of 1st period - Wrist shot by Conor Sheary.
19:30 of 1st period - Deflect By Ondrej Kase.
19:30 of 1st period - Stopped by Scott Wedgewood without a rebound.
19:31 of 1st period - Andrew Poturalski wins face-off versus Elias Pettersson in St.Louis Blues zone.
19:32 of 1st period - Wrist shot by Nino Niederreiter.
19:32 of 1st period - Stopped by Scott Wedgewood with a rebound.
19:34 of 1st period - Slapshot by Nino Niederreiter.
19:34 of 1st period - Stopped by Scott Wedgewood with a rebound.
19:36 of 1st period - Slapshot by Neal Pionk.
19:36 of 1st period - Deflect By Elias Pettersson.
19:36 of 1st period - Stopped by Scott Wedgewood with a rebound.
19:38 of 1st period - Backhand shot by Zdeno Chara.
19:38 of 1st period - Shot Misses the Net.
19:46 of 1st period - Alex Pietrangelo is hit by Conor Sheary and loses puck.
Goals for this period are 1 for St.Louis Blues vs 1 for Minnesota North Stars.
Shots for this period are 10 for St.Louis Blues vs 11 for Minnesota North Stars.
2nd period
0:01 of 2nd period - Evgeni Malkin wins face-off versus Elias Pettersson in neutral zone.
0:15 of 2nd period - Wrist shot by Evgeni Malkin.
0:15 of 2nd period - Shot Blocked by Elias Pettersson.
0:17 of 2nd period - Slapshot by David Perron.
0:17 of 2nd period - Stopped by Scott Wedgewood without a rebound.
0:18 of 2nd period - Jonathan Toews wins face-off versus Robert Thomas in St.Louis Blues zone.
0:19 of 2nd period - Slapshot by Jeff Skinner.
0:19 of 2nd period - Shot Blocked by Colton Parayko.
0:21 of 2nd period - Slapshot by Zdeno Chara.
0:21 of 2nd period - Deflect By Viktor Arvidsson.
0:21 of 2nd period - Shot Misses the Net.
0:21 of 2nd period - Puck is out of play.
0:22 of 2nd period - Robert Thomas wins face-off versus Jonathan Toews in St.Louis Blues zone.
0:22 of 2nd period - Robert Thomas is hit by Viktor Arvidsson.
0:41 of 2nd period - Icing by Robert Thomas.
0:42 of 2nd period - Evgeni Malkin wins face-off versus Robert Thomas in St.Louis Blues zone.
0:43 of 2nd period - Snap shot by Jack Hughes.
0:43 of 2nd period - Deflect By Evgeni Malkin.
0:43 of 2nd period - Stopped by Scott Wedgewood without a rebound.
0:44 of 2nd period - Elias Pettersson wins face-off versus Evgeni Malkin in St.Louis Blues zone.
0:44 of 2nd period - Elias Pettersson is hit by Evgeni Malkin.
1:11 of 2nd period - Viktor Arvidsson is hit by Jake Guentzel and loses puck.
1:16 of 2nd period - Slapshot by Jake Guentzel.
1:16 of 2nd period - Shot Misses the Net.
1:18 of 2nd period - Snap shot by Jonas Brodin.
1:18 of 2nd period - Shot Misses the Net.
1:20 of 2nd period - Slapshot by Tage Thompson.
1:20 of 2nd period - Shot Misses the Net.
1:22 of 2nd period - Wrist shot by Robert Thomas.
1:22 of 2nd period - Shot Misses the Net.
1:38 of 2nd period - Andrew Poturalski is hit by Joe Pavelski and loses puck.
1:59 of 2nd period - Danny DeKeyser is hit by Neal Pionk.
2:03 of 2nd period - Snap shot by Gustav Nyquist.
2:03 of 2nd period - Shot Blocked by Adam Pelech.
2:09 of 2nd period - Slapshot by Gustav Nyquist.
2:09 of 2nd period - Stopped by Scott Wedgewood with a rebound.
2:21 of 2nd period - Snap shot by Evgeni Malkin.
2:21 of 2nd period - Shot Misses the Net.
3:32 of 2nd period - Snap shot by Evander Kane.
3:32 of 2nd period - Stopped by Brian Elliott with a rebound.
3:34 of 2nd period - Minor Penalty to Andrew Poturalski for Slashing.
3:35 of 2nd period - Joe Pavelski wins face-off versus Jonathan Toews in Minnesota North Stars zone.
4:51 of 2nd period - Slapshot by Gustav Nyquist.
4:51 of 2nd period - Goal by Gustav Nyquist - St.Louis Blues : 1 - Minnesota North Stars : 2.
4:52 of 2nd period - Jonathan Toews wins face-off versus Alex Tuch in neutral zone.
4:55 of 2nd period - Slapshot by Jack Hughes.
4:55 of 2nd period - Shot Misses the Net.
5:21 of 2nd period - Jonathan Toews is hit by Morgan Rielly and loses puck.
5:34 of 2nd period - Penalty to Andrew Poturalski is over, Andrew Poturalski is back on ice.
6:04 of 2nd period - Conor Sheary is hit by Jack Eichel.
6:14 of 2nd period - Joe Pavelski is hit by Nick Holden and loses puck.
6:37 of 2nd period - Alex Tuch is hit by Neal Pionk and loses puck.
7:22 of 2nd period - Slapshot by Morgan Rielly.
7:22 of 2nd period - Shot Blocked by Gustav Forsling.
8:53 of 2nd period - Jamie Oleksiak is hit by Evander Kane and loses puck.
9:15 of 2nd period - Jonathan Toews is hit by Tage Thompson and loses puck.
9:30 of 2nd period - Jonas Brodin is hit by David Perron and loses puck.
9:46 of 2nd period - Icing by Danny DeKeyser.
9:47 of 2nd period - Elias Pettersson wins face-off versus Andrew Poturalski in St.Louis Blues zone.
10:03 of 2nd period - Wrist shot by Conor Sheary.
10:03 of 2nd period - Stopped by Scott Wedgewood with a rebound.
10:17 of 2nd period - Wrist shot by Elias Pettersson.
10:17 of 2nd period - Stopped by Brian Elliott with a rebound.
10:19 of 2nd period - Slapshot by Adam Pelech.
10:19 of 2nd period - Stopped by Brian Elliott without a rebound.
10:20 of 2nd period - Evgeni Malkin wins face-off versus Elias Pettersson in Minnesota North Stars zone.
10:20 of 2nd period - Evgeni Malkin is hit by Alex Pietrangelo.
10:26 of 2nd period - Wrist shot by Jack Hughes.
10:26 of 2nd period - Deflect By David Perron.
10:26 of 2nd period - Shot Blocked by Colton Parayko.
10:26 of 2nd period - Puck is out of play.
10:27 of 2nd period - Elias Pettersson wins face-off versus Evgeni Malkin in St.Louis Blues zone.
10:51 of 2nd period - Elias Pettersson is hit by Evgeni Malkin and loses puck.
11:15 of 2nd period - David Perron is hit by Elias Pettersson and loses puck.
11:39 of 2nd period - Off-side.
11:40 of 2nd period - Jonathan Toews wins face-off versus Robert Thomas in neutral zone.
11:53 of 2nd period - Wrist shot by Viktor Arvidsson.
11:53 of 2nd period - Stopped by Scott Wedgewood with a rebound.
12:16 of 2nd period - Alex Goligoski is hit by Joe Pavelski and loses puck.
12:33 of 2nd period - Gustav Forsling is hit by Danny DeKeyser and loses puck.
12:42 of 2nd period - Ondrej Kase is hit by Yegor Sharangovich and loses puck.
12:55 of 2nd period - Tage Thompson is hit by Jeff Skinner and loses puck.
13:39 of 2nd period - Jake Guentzel is hit by Jeff Skinner and loses puck.
14:12 of 2nd period - Wrist shot by Ondrej Kase.
14:12 of 2nd period - Deflect By Frederick Gaudreau.
14:12 of 2nd period - Shot Blocked by Neal Pionk.
14:12 of 2nd period - Puck is out of play.
14:13 of 2nd period - Andrew Poturalski wins face-off versus Frederick Gaudreau in Minnesota North Stars zone.
14:13 of 2nd period - Andrew Poturalski is hit by Jimmy Vesey.
14:23 of 2nd period - Slapshot by Frederick Gaudreau.
14:23 of 2nd period - Stopped by Brian Elliott with a rebound.
14:25 of 2nd period - Snap shot by Frederick Gaudreau.
14:25 of 2nd period - Shot Blocked by Conor Sheary.
14:27 of 2nd period - Snap shot by Ondrej Kase.
14:27 of 2nd period - Stopped by Brian Elliott with a rebound.
15:04 of 2nd period - Wrist shot by Evgeni Malkin.
15:04 of 2nd period - Stopped by Scott Wedgewood with a rebound.
16:30 of 2nd period - Snap shot by Evgeni Malkin.
16:30 of 2nd period - Stopped by Scott Wedgewood with a rebound.
16:32 of 2nd period - Wrist shot by Jack Hughes.
16:32 of 2nd period - Goal by Jack Hughes - St.Louis Blues : 1 - Minnesota North Stars : 3.
16:33 of 2nd period - Evgeni Malkin wins face-off versus Elias Pettersson in neutral zone.
16:42 of 2nd period - Wrist shot by Alex DeBrincat.
16:42 of 2nd period - Stopped by Brian Elliott without a rebound.
16:43 of 2nd period - Evgeni Malkin wins face-off versus Elias Pettersson in Minnesota North Stars zone.
16:50 of 2nd period - Slapshot by Evgeni Malkin.
16:50 of 2nd period - Stopped by Scott Wedgewood without a rebound.
16:51 of 2nd period - Elias Pettersson wins face-off versus Jack Hughes in St.Louis Blues zone.
16:56 of 2nd period - Slapshot by Evgeni Malkin.
16:56 of 2nd period - Stopped by Scott Wedgewood without a rebound.
16:57 of 2nd period - Evgeni Malkin wins face-off versus Elias Pettersson in St.Louis Blues zone.
17:00 of 2nd period - Wrist shot by Evgeni Malkin.
17:00 of 2nd period - Stopped by Scott Wedgewood without a rebound.
17:01 of 2nd period - Elias Pettersson wins face-off versus Evgeni Malkin in St.Louis Blues zone.
17:17 of 2nd period - Zdeno Chara is hit by Alex Tuch and loses puck.
17:30 of 2nd period - Slapshot by Evgeni Malkin.
17:30 of 2nd period - Shot Misses the Net.
17:32 of 2nd period - Slapshot by Zdeno Chara.
17:32 of 2nd period - Deflect By Jack Hughes.
17:32 of 2nd period - Stopped by Scott Wedgewood without a rebound.
17:33 of 2nd period - Robert Thomas wins face-off versus Jonathan Toews in St.Louis Blues zone.
17:48 of 2nd period - Snap shot by Jonathan Toews.
17:48 of 2nd period - Goal by Jonathan Toews - St.Louis Blues : 1 - Minnesota North Stars : 4.
17:49 of 2nd period - Elias Pettersson wins face-off versus Evgeni Malkin in neutral zone.
17:56 of 2nd period - Snap shot by Elias Pettersson.
17:56 of 2nd period - Shot Misses the Net.
18:04 of 2nd period - Slapshot by Elias Pettersson.
18:04 of 2nd period - Shot Blocked by David Perron.
18:06 of 2nd period - Wrist shot by Alex Tuch.
18:06 of 2nd period - Stopped by Brian Elliott with a rebound.
18:21 of 2nd period - Slapshot by Robert Thomas.
18:21 of 2nd period - Stopped by Brian Elliott without a rebound.
18:22 of 2nd period - Robert Thomas wins face-off versus Jeff Skinner in Minnesota North Stars zone.
18:23 of 2nd period - Snap shot by Jake Guentzel.
18:23 of 2nd period - Shot Misses the Net.
18:28 of 2nd period - Off-side.
18:29 of 2nd period - Viktor Arvidsson wins face-off versus Robert Thomas in neutral zone.
18:40 of 2nd period - Wrist shot by Jeff Skinner.
18:40 of 2nd period - Shot Misses the Net.
19:02 of 2nd period - Snap shot by Robert Thomas.
19:02 of 2nd period - Deflect By Jake Guentzel.
19:02 of 2nd period - Shot Blocked by Zdeno Chara.
19:02 of 2nd period - Puck is out of play.
19:03 of 2nd period - Evgeni Malkin wins face-off versus Elias Pettersson in Minnesota North Stars zone.
19:03 of 2nd period - Evgeni Malkin is hit by Alex DeBrincat.
19:29 of 2nd period - Colton Parayko is hit by Adam Lowry and loses puck.
Goals for this period are 0 for St.Louis Blues vs 3 for Minnesota North Stars.
Shots for this period are 8 for St.Louis Blues vs 14 for Minnesota North Stars.
3rd period
0:01 of 3rd period - Elias Pettersson wins face-off versus Jack Hughes in neutral zone.
0:04 of 3rd period - Wrist shot by Elias Pettersson.
0:04 of 3rd period - Shot Misses the Net.
0:32 of 3rd period - Viktor Arvidsson is hit by Tage Thompson and loses puck.
0:53 of 3rd period - Slapshot by Jack Eichel.
0:53 of 3rd period - Stopped by Brian Elliott with a rebound.
1:07 of 3rd period - Yegor Sharangovich is hit by Elias Pettersson and loses puck.
1:14 of 3rd period - Snap shot by Alex DeBrincat.
1:14 of 3rd period - Stopped by Brian Elliott with a rebound.
1:39 of 3rd period - Snap shot by Evgeni Malkin.
1:39 of 3rd period - Shot Blocked by Danny DeKeyser.
2:24 of 3rd period - Wrist shot by Robert Thomas.
2:24 of 3rd period - Deflect By Jake Guentzel.
2:24 of 3rd period - Stopped by Brian Elliott without a rebound.
2:25 of 3rd period - Evgeni Malkin wins face-off versus Elias Pettersson in Minnesota North Stars zone.
2:55 of 3rd period - Wrist shot by Jake Guentzel.
2:55 of 3rd period - Stopped by Brian Elliott with a rebound.
2:57 of 3rd period - Slapshot by Alex Pietrangelo.
2:57 of 3rd period - Shot Blocked by Nick Holden.
3:19 of 3rd period - Wrist shot by Yegor Sharangovich.
3:19 of 3rd period - Stopped by Scott Wedgewood with a rebound.
3:35 of 3rd period - Jamie Oleksiak is hit by Ondrej Kase and loses puck.
3:42 of 3rd period - Wrist shot by Frederick Gaudreau.
3:42 of 3rd period - Shot Blocked by Neal Pionk.
4:02 of 3rd period - Snap shot by Gustav Nyquist.
4:02 of 3rd period - Stopped by Scott Wedgewood with a rebound.
4:14 of 3rd period - Snap shot by Evgeni Malkin.
4:14 of 3rd period - Stopped by Scott Wedgewood without a rebound.
4:15 of 3rd period - Robert Thomas wins face-off versus Evgeni Malkin in St.Louis Blues zone.
4:22 of 3rd period - David Perron is hit by Jake Guentzel and loses puck.
4:29 of 3rd period - Slapshot by Zdeno Chara.
4:29 of 3rd period - Deflect By Jake Guentzel.
4:29 of 3rd period - Stopped by Scott Wedgewood with a rebound.
4:31 of 3rd period - Snap shot by Zdeno Chara.
4:31 of 3rd period - Stopped by Scott Wedgewood with a rebound.
4:49 of 3rd period - Snap shot by Elias Pettersson.
4:49 of 3rd period - Stopped by Brian Elliott with a rebound.
4:55 of 3rd period - Slapshot by Alex DeBrincat.
4:55 of 3rd period - Shot Misses the Net.
5:33 of 3rd period - Nick Holden is hit by Jimmy Vesey and loses puck.
6:00 of 3rd period - Slapshot by Alex Pietrangelo.
6:00 of 3rd period - Stopped by Brian Elliott with a rebound.
6:05 of 3rd period - Off-side.
6:06 of 3rd period - Elias Pettersson wins face-off versus Jonathan Toews in neutral zone.
6:09 of 3rd period - Slapshot by Morgan Rielly.
6:09 of 3rd period - Shot Blocked by Gustav Forsling.
6:37 of 3rd period - Snap shot by Jonathan Toews.
6:37 of 3rd period - Shot Blocked by Robert Thomas.
6:39 of 3rd period - Wrist shot by Jonathan Toews.
6:39 of 3rd period - Stopped by Scott Wedgewood with a rebound.
6:55 of 3rd period - Snap shot by Viktor Arvidsson.
6:55 of 3rd period - Deflect By Jonathan Toews.
6:55 of 3rd period - Shot Blocked by Jonas Brodin.
6:55 of 3rd period - Puck is out of play.
6:56 of 3rd period - Elias Pettersson wins face-off versus Jack Hughes in St.Louis Blues zone.
9:54 of 3rd period - Icing by Frederick Gaudreau.
9:55 of 3rd period - Jonathan Toews wins face-off versus Ondrej Kase in St.Louis Blues zone.
10:02 of 3rd period - Slapshot by Jeff Skinner.
10:02 of 3rd period - Shot Misses the Net.
10:16 of 3rd period - Snap shot by Frederick Gaudreau.
10:16 of 3rd period - Stopped by Brian Elliott with a rebound.
10:18 of 3rd period - Snap shot by Ondrej Kase.
10:18 of 3rd period - Stopped by Brian Elliott with a rebound.
10:20 of 3rd period - Snap shot by Jimmy Vesey.
10:20 of 3rd period - Goal by Jimmy Vesey - St.Louis Blues : 2 - Minnesota North Stars : 4.
10:21 of 3rd period - Jonathan Toews wins face-off versus Elias Pettersson in neutral zone.
10:36 of 3rd period - Slapshot by Alex Tuch.
10:36 of 3rd period - Shot Blocked by Jonathan Toews.
10:38 of 3rd period - Slapshot by Jonas Brodin.
10:38 of 3rd period - Shot Blocked by Gustav Forsling.
11:06 of 3rd period - Icing by Gustav Forsling.
11:07 of 3rd period - Andrew Poturalski wins face-off versus Jack Eichel in Minnesota North Stars zone.
11:49 of 3rd period - Wrist shot by Andrew Poturalski.
11:49 of 3rd period - Shot Misses the Net.
11:51 of 3rd period - Wrist shot by Andrew Poturalski.
11:51 of 3rd period - Shot Misses the Net.
11:56 of 3rd period - Minor Penalty to Evander Kane for High sticking.
11:57 of 3rd period - Evgeni Malkin wins face-off versus Frederick Gaudreau in St.Louis Blues zone.
12:05 of 3rd period - Wrist shot by Evgeni Malkin.
12:05 of 3rd period - Goal by Evgeni Malkin - St.Louis Blues : 2 - Minnesota North Stars : 5.
12:06 of 3rd period - Elias Pettersson wins face-off versus Evgeni Malkin in neutral zone.
12:13 of 3rd period - Snap shot by Jack Hughes.
12:13 of 3rd period - Stopped by Scott Wedgewood with a rebound.
12:29 of 3rd period - Minor Penalty to David Perron for Interference.
12:30 of 3rd period - Joe Pavelski wins face-off versus Jonathan Toews in Minnesota North Stars zone.
12:37 of 3rd period - Slapshot by Alex Tuch.
12:37 of 3rd period - Stopped by Brian Elliott with a rebound.
13:31 of 3rd period - Alex Tuch is hit by Neal Pionk and loses puck.
14:29 of 3rd period - Penalty to David Perron is over, David Perron is back on ice.
14:36 of 3rd period - Gustav Forsling is hit by Frederick Gaudreau and loses puck.
14:43 of 3rd period - Jonathan Toews is hit by Ondrej Kase and loses puck.
15:01 of 3rd period - Icing by David Perron.
15:02 of 3rd period - Frederick Gaudreau wins face-off versus Jonathan Toews in Minnesota North Stars zone.
15:55 of 3rd period - Jonas Brodin is hit by Jamie Oleksiak and loses puck.
16:50 of 3rd period - Backhand shot by Frederick Gaudreau.
16:50 of 3rd period - Stopped by Brian Elliott without a rebound.
16:50 of 3rd period - Minor Penalty to Brian Elliott for Slashing.
16:51 of 3rd period - Yegor Sharangovich wins face-off versus Alex Tuch in Minnesota North Stars zone.
17:06 of 3rd period - Alex Goligoski is hit by Elias Pettersson and loses puck.
17:53 of 3rd period - Slapshot by Alex Pietrangelo.
17:53 of 3rd period - Stopped by Brian Elliott without a rebound.
17:54 of 3rd period - Yegor Sharangovich wins face-off versus Joe Pavelski in Minnesota North Stars zone.
18:47 of 3rd period - Neal Pionk is hit by Alex Tuch and loses puck.
18:50 of 3rd period - Penalty to Nick Holden is over, Nick Holden is back on ice.
18:58 of 3rd period - Backhand shot by Nino Niederreiter.
18:58 of 3rd period - Shot Misses the Net.
19:04 of 3rd period - Andrew Poturalski is hit by Jimmy Vesey and loses puck.
19:17 of 3rd period - Conor Sheary is hit by Evander Kane and loses puck.
Goals for this period are 1 for St.Louis Blues vs 1 for Minnesota North Stars.
Shots for this period are 12 for St.Louis Blues vs 8 for Minnesota North Stars.
Back to the Top